 Dungeon Crawl Stone Soup version 0.25.0-26-g0c896c7088 (console) character file.

Game seed: 15478212827366994354

46 Colgate the Chopper (level 3, -11/33 HPs)
             Began as a Minotaur Monk on July 5, 2020.
             Killed by divine providence
             ... invoked by an orc priest
              (13 damage)
             ... on level 3 of the Dungeon.
             The game lasted 00:15:18 (2075 turns).

Colgate the Chopper (Minotaur Monk)                 Turns: 2075, Time: 00:15:18

Health: -11/33     AC:  3    Str: 15    XL:     3   Next: 46%
Magic:  2/2        EV: 29    Int:  7    God:
Gold:   47         SH:  0    Dex: 13    Spells: 2/2 levels left

rFire    . . .     SeeInvis .   a - +0 hand axe
rCold    . . .     Gourm    .   (no shield)
rNeg     . . .     Faith    .   b - +0 robe
rPois    .         Spirit   .   (helmet restricted)
rElec    .         Reflect  .   h - +0 cloak
rCorr    .         Harm     .   (no gloves)
MR       .....                  (no boots)
Stlth    ++........             j - amulet of the acrobat
HPRegen  0.11/turn              (no ring)
MPRegen  0.08/turn              (no ring)

@: lethally poisoned (-11 -> -14), acrobat
A: retaliatory headbutt, horns 2
a: no special abilities


You were on level 3 of the Dungeon.
You were near starving.

You visited 1 branch of the dungeon, and saw 3 of its levels.

You collected 47 gold pieces.

Inventory:

Hand Weapons
 a - a +0 hand axe (weapon)
Missiles
 e - 29 stones (quivered)
Armour
 b - a +0 robe (worn)
 h - a +0 cloak (worn)
Jewellery
 j - an amulet of the acrobat (around neck)
Scrolls
 d - 3 scrolls of identify {unknown}
 m - a scroll of teleportation {unknown}
Potions
 f - a potion of stabbing {unknown}
 g - a potion of curing {unknown}
 i - a potion of degeneration {unknown}
 k - a potion of brilliance {unknown}
 l - a potion of ambrosia {unknown}
Comestibles
 c - 5 rations


   Skills:
 - Level 4.1 Fighting
 + Level 4.5 Axes
 - Level 4.0 Dodging
 - Level 1.5 Stealth


You had 2 spell levels left.
You didn't know any spells.
Your spell library was empty.

Dungeon Overview and Level Annotations

Branches:
Dungeon (3/15)

Altars:
Ashenzari


Innate Abilities, Weirdness & Mutations

You reflexively headbutt those who attack you in melee.
You have a pair of horns on your head.


Message History

You barely miss the orc. The orc closely misses you. You furiously retaliate!
You headbutt the orc!
You kill the orc!
You barely miss the hobgoblin.
You feel sick. The hobgoblin hits you with a +0 club.
* * * LOW HITPOINT WARNING * * *
You hit the hobgoblin.
You kill the hobgoblin!
You hit the kobold.
You kill the kobold!
You feel sick.
You hit the orc priest.
The orc priest is lightly wounded.
You closely miss the orc priest.
The orc priest is lightly wounded.
You feel sick.
The orc priest hits you with a +0 dagger.
* * * LOW HITPOINT WARNING * * *
The orc drinks a potion.
The orc seems to grow stronger.
The orc priest mumbles some strange prayers to Beogh against you.
Beogh smites you!
You die...

. #(...(..
..####(.....
..#......o..8
....$..#....#
.....#......#####
.......†(.....#
.. ...###...#####
#...#.###...#
.......o)...#
###..#o#o..# #
#@..### #......#
#......# #......#
...####.. ..##
... ... .... ##
#....


You could see 2 orc priests and an orc (strong).

Vanquished Creatures
  A leopard gecko (D:1)
  An orc (D:3)
  A ball python (D:2)
  2 giant cockroaches
  4 goblins
  5 hobgoblins
  4 jackals (D:1)
  A quokka (D:2)
  7 bats
  A frilled lizard (D:1)
  7 kobolds
  5 rats
39 creatures vanquished.

Notes
Turn   | Place    | Note
-------+----------+-------------------------------------------
     0 | D:1      | Colgate the Minotaur Monk began the quest for the Orb.
     0 | D:1      | Reached XP level 1. HP: 19/19 MP: 0/0
   328 | D:1      | Reached XP level 2. HP: 27/27 MP: 1/1
  1271 | D:2      | Reached XP level 3. HP: 33/33 MP: 2/2
  2056 | D:3      | Found a shattered altar of Ashenzari.
  2075 | D:3      | Killed from afar by an orc priest

Illustrated notes

Levels and vault maps discovered:
D:1:      kennysheep_arrival_forest, layout_loops_ring, serial_forest,
          infiniplex_forest_straight_3, infiniplex_forest_fountain,
          infiniplex_forest_lined_corner, infiniplex_forest_clump_small,
          infiniplex_forest_side_room, infiniplex_forest_end_double,
          infiniplex_forest_lined_4_way, infiniplex_forest_lined_room_2,
          infiniplex_forest_zigzag_2
D:2:      layout_loops_corners
D:3:      layout_rooms, minitemple, first_ration, due_unseen_surprise

Skill      XL: |  1  2 |
---------------+-------+-----
Fighting       | 4 |  4.1
Axes           | 4 |  4.5
Dodging        | 4 |  4.0
Stealth        | |  1.5

Action                   || total
-------------------------++-------
Melee: Hand axe          ||    80
       Headbutt          ||    13
Throw: Stone             ||    35
 Stab: Sleeping          ||     5
  Eat: Chunk             ||     2
Armor: Robe              ||     9
Dodge: Dodged            ||    39
